TOP OF THE 1ST |
Oklahoma City Dodgers batting - Pitching for Sacramento River Cats : RHP Cortez Laris
|
Pitching: RHP Cortez Laris
|
|
Batting: LHB Dalton Silveira
|
0-0: Foul Ball, location: 2F 0-1: Ground out 6-3 (Groundball, 6S, EV 63.8 MPH)
|
Batting: RHB Dave Cordero
|
0-0: SINGLE (Groundball, 56D, EV 108.8 MPH)
|
Batting: RHB Blake Beale
|
0-0: Ball 1-0: Called Strike 1-1: Foul Ball, location: 2F 1-2: Foul Ball, location: 2F 1-2: Fly out, F6 (Popup, 6MD, EV 63.1 MPH)
|
Batting: LHB Kevin Wiebe
|
0-0: Ball 1-0: Foul Ball, location: 2F 1-1: Foul Ball, location: 2F 1-2: Strikes out swinging
|
Top of the 1st over - 0 runs, 1 hit, 0 errors, 1 left on base; Oklahoma City 0 - Sacramento 0 |
BOTTOM OF THE 1ST |
Sacramento River Cats batting - Pitching for Oklahoma City Dodgers : RHP Jim Ruleman
|
Pitching: RHP Jim Ruleman
|
|
Batting: RHB Laroya Foronda
|
0-0: Ball 1-0: Ball 2-0: Ground out 6-3 (Groundball, 6, EV 81.9 MPH)
|
Batting: RHB Tyler Mapes
|
0-0: Called Strike 0-1: Ground out 3-1 (Groundball, 34S, EV 77.5 MPH)
|
Batting: RHB Nate Hodson
|
0-0: Ball 1-0: Foul Ball, location: 2F 1-1: Called Strike 1-2: Ground out 5-3 (Groundball, 56S, EV 80.6 MPH)
|
Bottom of the 1st over - 0 runs, 0 hits, 0 errors, 0 left on base; Oklahoma City 0 - Sacramento 0 |
TOP OF THE 2ND |
Oklahoma City Dodgers batting - Pitching for Sacramento River Cats : RHP Cortez Laris
|
Batting: RHB Justin Anastasio
|
0-0: Ball 1-0: Ball 2-0: Called Strike 2-1: Ball 3-1: Called Strike 3-2: Strikes out swinging
|
Batting: LHB Alberto Chavez
|
0-0: Ball 1-0: Ball 2-0: Called Strike 2-1: Swinging Strike 2-2: Strikes out swinging
|
Batting: RHB Steve Perez
|
0-0: Foul Ball, location: 2F 0-1: Ball 1-1: Ball 2-1: Called Strike 2-2: Foul Ball, location: 2F 2-2: Foul Ball, location: 2F 2-2: Ball 3-2: Strikes out swinging
|
Top of the 2nd over - 0 runs, 0 hits, 0 errors, 0 left on base; Oklahoma City 0 - Sacramento 0 |
BOTTOM OF THE 2ND |
Sacramento River Cats batting - Pitching for Oklahoma City Dodgers : RHP Jim Ruleman
|
Batting: LHB Willie Ceniceros
|
0-0: Ball 1-0: Called Strike 1-1: Ball 2-1: Ground out 6-3 (Groundball, 6MD, EV 96.9 MPH)
|
Batting: LHB David Ramirez
|
0-0: Ball 1-0: DOUBLE (Line Drive, 5D, EV 108.1 MPH)
|
Batting: LHB Terry Ebersole
|
0-0: Swinging Strike 0-1: Foul Ball, location: 2F 0-2: Ball 1-2: Ball 2-2: Foul Ball, location: 2F 2-2: Ball 3-2: Base on Balls
|
Batting: LHB Nick Swank
|
0-0: Ball 1-0: Fly out, F3 (Line Drive, 3, EV 65.6 MPH) Lined into DP, U3 (Line Drive, 3, EV 73.1 MPH)
|
Bottom of the 2nd over - 0 runs, 1 hit, 0 errors, 1 left on base; Oklahoma City 0 - Sacramento 0 |
TOP OF THE 3RD |
Oklahoma City Dodgers batting - Pitching for Sacramento River Cats : RHP Cortez Laris
|
Batting: LHB Jim Chalk
|
0-0: Ball 1-0: Ball 2-0: Called Strike 2-1: Ball 3-1: Base on Balls
|
Batting: RHB Josh Kimbrell
|
0-0: Ball 1-0: Foul Ball, location: 2F 1-1: Grounds into double play, 4-6-3 (Groundball, 4M, EV 92.5 MPH)
|
Batting: LHB Dalton Silveira
|
0-0: Called Strike 0-1: Ball 1-1: Swinging Strike 1-2: Strikes out swinging
|
Top of the 3rd over - 0 runs, 0 hits, 0 errors, 0 left on base; Oklahoma City 0 - Sacramento 0 |
BOTTOM OF THE 3RD |
Sacramento River Cats batting - Pitching for Oklahoma City Dodgers : RHP Jim Ruleman
|
Batting: RHB Roberto Duron
|
0-0: Ball 1-0: Ball 2-0: Reached on error, E4 (Groundball, 4, EV 76.9 MPH)
|
Batting: RHB Jack Toole
|
0-0: Ball 1-0: Swinging Strike 1-1: Called Strike 1-2: Ball 2-2: Ball 3-2: Base on Balls Roberto Duron to second
|
Batting: RHB Laroya Foronda
|
0-0: Foul Ball, location: 2F 0-1: Ball 1-1: Foul Ball, location: 2F 1-2: Ball 2-2: Strikes out swinging
|
Batting: RHB Tyler Mapes
|
0-0: Foul Ball, location: 2F 0-1: Foul Ball, location: 2F 0-2: Grounds into double play, 6-4-3 (Groundball, 6, EV 86.9 MPH)
|
Bottom of the 3rd over - 0 runs, 0 hits, 1 error, 1 left on base; Oklahoma City 0 - Sacramento 0 |
TOP OF THE 4TH |
Oklahoma City Dodgers batting - Pitching for Sacramento River Cats : RHP Cortez Laris
|
Batting: RHB Dave Cordero
|
0-0: Ground out 5-3 (Groundball, 56, EV 86.2 MPH)
|
Batting: RHB Blake Beale
|
0-0: Swinging Strike 0-1: Foul Ball, location: 2F 0-2: Ball 1-2: Strikes out looking
|
Batting: LHB Kevin Wiebe
|
0-0: Called Strike 0-1: Swinging Strike 0-2: Ball 1-2: Strikes out swinging
|
Top of the 4th over - 0 runs, 0 hits, 0 errors, 0 left on base; Oklahoma City 0 - Sacramento 0 |
BOTTOM OF THE 4TH |
Sacramento River Cats batting - Pitching for Oklahoma City Dodgers : RHP Jim Ruleman
|
Batting: RHB Nate Hodson
|
0-0: Foul Ball, location: 2F 0-1: Ball 1-1: Ball 2-1: Fly out, F7 (Flyball, 7, EV 90.0 MPH)
|
Batting: LHB Willie Ceniceros
|
0-0: Ball 1-0: Ball 2-0: SINGLE (Line Drive, 9LS, EV 106.2 MPH)
|
Batting: LHB David Ramirez
|
0-0: Ball Willie Ceniceros steals 2nd base 1-0: Called Strike 1-1: Called Strike 1-2: Ball 2-2: Ball 3-2: 2-RUN HOME RUN (Line Drive, 7D, EV 100.0 MPH), Distance : 396 ft
|
Batting: LHB Terry Ebersole
|
0-0: Foul Ball, location: 2F 0-1: Ball 1-1: Hit by Pitch
|
Batting: LHB Nick Swank
|
0-0: Ball 1-0: SINGLE (Groundball, 5D, EV 98.1 MPH) Terry Ebersole to second
|
Batting: RHB Roberto Duron
|
0-0: Called Strike 0-1: Ball Wild Pitch! Terry Ebersole to third Nick Swank to second 1-1: Swinging Strike 1-2: Ball 2-2: Ball 3-2: Foul Ball, location: 2F 3-2: Base on Balls
|
Pitching: RHP Eddie Usrey
|
|
Batting: RHB Jack Toole
|
0-0: Ball 1-0: Ball 2-0: Fly out, F8 (Flyball, 8RD, EV 90.0 MPH) Runner from 3rd tags up, OUT at HOME! 8-2
|
Bottom of the 4th over - 2 runs, 3 hits, 0 errors, 2 left on base; Oklahoma City 0 - Sacramento 2 |
TOP OF THE 5TH |
Oklahoma City Dodgers batting - Pitching for Sacramento River Cats : RHP Cortez Laris
|
Batting: RHB Justin Anastasio
|
0-0: Called Strike 0-1: Ball 1-1: Swinging Strike 1-2: Ball 2-2: Ball 3-2: Ground out 6-3 (Groundball, 6, EV 93.8 MPH)
|
Batting: LHB Alberto Chavez
|
0-0: Ball 1-0: Ball 2-0: Ball 3-0: Called Strike 3-1: Base on Balls
|
Batting: RHB Steve Perez
|
0-0: Ball 1-0: Ball Wild Pitch! Alberto Chavez to second 2-0: Ball 3-0: Called Strike 3-1: Base on Balls
|
Batting: LHB Jim Chalk
|
0-0: Called Strike 0-1: Foul Ball, location: 2F 0-2: Fly out, F7 (Flyball, 7S, EV 96.9 MPH)
|
Batting: RHB Josh Kimbrell
|
0-0: Called Strike 0-1: Ball 1-1: SINGLE (Flyball, 89S, EV 86.9 MPH) Alberto Chavez to third Steve Perez to second
|
Batting: LHB Dalton Silveira
|
0-0: Ball 1-0: Ball 2-0: Called Strike 2-1: SINGLE (Flyball, 8LM, EV 90.0 MPH) Alberto Chavez scores Steve Perez to third Josh Kimbrell to second Runner from 3rd tries for Home, throw by CF and OUT! 8-2
|
Top of the 5th over - 1 run, 2 hits, 0 errors, 2 left on base; Oklahoma City 1 - Sacramento 2 |
BOTTOM OF THE 5TH |
Sacramento River Cats batting - Pitching for Oklahoma City Dodgers : RHP Eddie Usrey
|
Batting: RHB Laroya Foronda
|
0-0: Ball 1-0: SINGLE (Groundball, 6M, EV 101.2 MPH) (infield hit)
|
Batting: RHB Tyler Mapes
|
0-0: Swinging Strike 0-1: Swinging Strike 0-2: Ball 1-2: Foul Ball, location: 2F 1-2: Strikes out looking
|
Batting: RHB Nate Hodson
|
0-0: Ball Laroya Foronda steals 2nd base (no throw) 1-0: Ball 2-0: Called Strike 2-1: Swinging Strike 2-2: Ball 3-2: SINGLE (Line Drive, 7S, EV 108.8 MPH) Laroya Foronda to third Runner from 3rd tries for Home, SAFE, throw by LF to home
|
Batting: LHB Willie Ceniceros
|
0-0: Called Strike Nate Hodson steals 2nd base 0-1: Ball 1-1: Ball Nate Hodson steals 3rd base 2-1: 2-RUN HOME RUN (Flyball, 9D, EV 103.8 MPH), Distance : 384 ft
|
Pitching: RHP Jason Englert
|
|
Batting: LHB David Ramirez
|
0-0: Called Strike 0-1: Foul Ball, location: 2F 0-2: Foul Ball, location: 2F 0-2: Strikes out swinging
|
Batting: LHB Terry Ebersole
|
0-0: Called Strike 0-1: Ball 1-1: Reached on error, E1 (Groundball, 25, EV 75.0 MPH)
|
Batting: LHB Nick Swank
|
0-0: Foul Ball, location: 2F 0-1: Ball 1-1: Ball 2-1: Ball 3-1: Foul Ball, location: 2F 3-2: Base on Balls
|
Batting: RHB Roberto Duron
|
0-0: Called Strike 0-1: Swinging Strike 0-2: Ball 1-2: Ball 2-2: SINGLE (Line Drive, 6MD, EV 100.0 MPH) Terry Ebersole to third Nick Swank to second Throwing error, E8 Terry Ebersole scores Nick Swank to third Roberto Duron to second
|
Pitching: RHP Nate Allen
|
|
Batting: RHB Jack Toole
|
0-0: Called Strike 0-1: Foul Ball, location: 2F 0-2: Strikes out looking
|
Bottom of the 5th over - 4 runs, 4 hits, 2 errors, 2 left on base; Oklahoma City 1 - Sacramento 6 |
TOP OF THE 6TH |
Oklahoma City Dodgers batting - Pitching for Sacramento River Cats : RHP Cortez Laris
|
Batting: RHB Dave Cordero
|
0-0: Swinging Strike 0-1: Ball 1-1: Called Strike 1-2: Ball 2-2: Ball 3-2: Foul Ball, location: 2F 3-2: Strikes out swinging
|
Batting: RHB Blake Beale
|
0-0: Fly out, F8 (Flyball, 8LS, EV 86.2 MPH)
|
Batting: LHB Kevin Wiebe
|
0-0: Ball 1-0: Foul Ball, location: 2F 1-1: Ball 2-1: Ground out U3 (Groundball, 34S, EV 79.4 MPH)
|
Top of the 6th over - 0 runs, 0 hits, 0 errors, 0 left on base; Oklahoma City 1 - Sacramento 6 |
BOTTOM OF THE 6TH |
Sacramento River Cats batting - Pitching for Oklahoma City Dodgers : RHP Nate Allen
|
Batting: RHB Laroya Foronda
|
0-0: Foul Ball, location: 2F 0-1: Ground out 6-3 (Groundball, 6, EV 105.6 MPH)
|
Batting: RHB Tyler Mapes
|
0-0: Swinging Strike 0-1: Ball 1-1: Foul Ball, location: 2F 1-2: Ball 2-2: Ball 3-2: Foul Ball, location: 2F 3-2: Foul Ball, location: 2F 3-2: Ground out U3 (Groundball, 34, EV 88.1 MPH)
|
Batting: RHB Nate Hodson
|
0-0: Swinging Strike 0-1: Fly out, F8 (Line Drive, 8LD, EV 113.1 MPH)
|
Bottom of the 6th over - 0 runs, 0 hits, 0 errors, 0 left on base; Oklahoma City 1 - Sacramento 6 |
TOP OF THE 7TH |
Oklahoma City Dodgers batting - Pitching for Sacramento River Cats : RHP Cortez Laris
|
Pitching: LHP Gael Greene
|
|
Batting: RHB Justin Anastasio
|
0-0: Ball 1-0: Foul Ball, location: 2F 1-1: Ball 2-1: Called Strike 2-2: Ground out 4-3 (Groundball, 4, EV 106.2 MPH)
|
Batting: LHB Alberto Chavez
|
0-0: Called Strike 0-1: Ball 1-1: Called Strike 1-2: Foul Ball, location: 2F 1-2: Ball 2-2: Ball 3-2: Foul Ball, location: 2F 3-2: Base on Balls
|
Batting: RHB Steve Perez
|
0-0: SINGLE (Line Drive, 8LS, EV 90.0 MPH) Alberto Chavez to second Runner from 2nd tries for 3rd, SAFE, throw by CF made to third
|
Batting: LHB Jim Chalk
|
0-0: Ball 1-0: Ball 2-0: Swinging Strike 2-1: Fly out, F7 (Flyball, 7, EV 86.9 MPH) Runner from 3rd tags up, SCORES, throw by LF
|
Batting: RHB Josh Kimbrell
|
0-0: Ball 1-0: Ball 2-0: SINGLE (Groundball, 56, EV 100.0 MPH) Steve Perez to second
|
Batting: LHB Dalton Silveira
|
0-0: Ball 1-0: Ball 2-0: Foul Ball, location: 2F 2-1: Foul Ball, location: 2F 2-2: Ball 3-2: Strikes out swinging
|
Top of the 7th over - 1 run, 2 hits, 0 errors, 2 left on base; Oklahoma City 2 - Sacramento 6 |
BOTTOM OF THE 7TH |
Sacramento River Cats batting - Pitching for Oklahoma City Dodgers : RHP Nate Allen
|
Pitching: RHP Steve Mintz
|
|
Batting: LHB Willie Ceniceros
|
0-0: Called Strike 0-1: Called Strike 0-2: Ball 1-2: Strikes out swinging
|
Batting: LHB David Ramirez
|
0-0: Ball 1-0: Foul Ball, location: 2F 1-1: Foul Ball, location: 2F 1-2: Foul Ball, location: 2F 1-2: Foul Ball, location: 2F 1-2: Ball 2-2: Ball 3-2: Foul Ball, location: 2F 3-2: Fly out, F6 (Popup, 6M, EV 76.9 MPH)
|
Batting: LHB Terry Ebersole
|
0-0: Ground out 6-3 (Groundball, 6S, EV 71.9 MPH)
|
Bottom of the 7th over - 0 runs, 0 hits, 0 errors, 0 left on base; Oklahoma City 2 - Sacramento 6 |
TOP OF THE 8TH |
Oklahoma City Dodgers batting - Pitching for Sacramento River Cats : LHP Gael Greene
|
Pitching: RHP Pat Richardson
|
|
Batting: RHB Dave Cordero
|
0-0: Ball 1-0: Ball 2-0: Ball 3-0: Ground out 6-3 (Groundball, 6M, EV 99.4 MPH)
|
Batting: RHB Blake Beale
|
0-0: Swinging Strike 0-1: Foul Ball, location: 2F 0-2: Strikes out swinging
|
Batting: LHB Kevin Wiebe
|
0-0: Ball 1-0: Called Strike 1-1: Ball 2-1: Foul Ball, location: 2F 2-2: Reached on error, E6 (Groundball, 6, EV 99.4 MPH)
|
Batting: RHB Justin Anastasio
|
0-0: SINGLE (Line Drive, 34D, EV 96.2 MPH) Kevin Wiebe to third Runner from 3rd tries for Home, SAFE, throw by RF to home
|
Batting: LHB Alberto Chavez
|
0-0: Ball 1-0: Ball 2-0: Ball 3-0: Called Strike 3-1: Fly out, F7 (Flyball, 78S, EV 84.4 MPH)
|
Top of the 8th over - 1 run, 1 hit, 1 error, 1 left on base; Oklahoma City 3 - Sacramento 6 |
BOTTOM OF THE 8TH |
Sacramento River Cats batting - Pitching for Oklahoma City Dodgers : RHP Steve Mintz
|
Pitching: RHP Russell Rider
|
|
Batting: LHB Nick Swank
|
0-0: Called Strike 0-1: Ball 1-1: Ball 2-1: Foul Ball, location: 2F 2-2: Fly out, F7 (Flyball, 7, EV 96.9 MPH)
|
Batting: RHB Roberto Duron
|
0-0: Fly out, F6 (Line Drive, 6, EV 70.0 MPH)
|
Batting: RHB Jack Toole
|
0-0: Swinging Strike 0-1: Swinging Strike 0-2: Foul Ball, location: 2F 0-2: Strikes out swinging
|
Bottom of the 8th over - 0 runs, 0 hits, 0 errors, 0 left on base; Oklahoma City 3 - Sacramento 6 |
TOP OF THE 9TH |
Oklahoma City Dodgers batting - Pitching for Sacramento River Cats : RHP Pat Richardson
|
Pitching: RHP Taiji Morita
|
|
Batting: RHB Steve Perez
|
0-0: Ball 1-0: Called Strike 1-1: SINGLE (Groundball, 56D, EV 108.1 MPH)
|
Batting: LHB Jim Chalk
|
0-0: SINGLE (Line Drive, 4M, EV 110.6 MPH) Steve Perez to second Steve Perez to third
|
Batting: RHB Josh Kimbrell
|
0-0: Ball 1-0: Swinging Strike 1-1: Fly out, F7 (Flyball, 78S, EV 88.1 MPH)
|
Batting: LHB Dalton Silveira
|
0-0: Foul Ball, location: 2F 0-1: Called Strike 0-2: Strikes out looking
|
Batting: RHB Dave Cordero
|
0-0: Called Strike 0-1: Called Strike 0-2: SINGLE (Groundball, 5D, EV 101.9 MPH) Steve Perez scores Jim Chalk to second
|
Batting: RHB Blake Beale
|
0-0: 3-RUN HOME RUN (Flyball, 9LD, EV 93.8 MPH), Distance : 335 ft
|
Pitching: RHP Herman Ruiz
|
|
Batting: LHB Kevin Wiebe
|
0-0: Ball 1-0: Ball 2-0: Ball 3-0: Called Strike 3-1: Called Strike 3-2: Base on Balls
|
Batting: RHB Justin Anastasio
|
0-0: Ball 1-0: Called Strike 1-1: Ball 2-1: Ground out 5-3 (Groundball, 56, EV 98.8 MPH)
|
Top of the 9th over - 4 runs, 4 hits, 0 errors, 1 left on base; Oklahoma City 7 - Sacramento 6 |
BOTTOM OF THE 9TH |
Sacramento River Cats batting - Pitching for Oklahoma City Dodgers : RHP Russell Rider
|
Batting: RHB Laroya Foronda
|
0-0: Called Strike 0-1: Swinging Strike 0-2: Ball 1-2: Ball 2-2: Ball 3-2: Base on Balls
|
Pinch Hitting: LHB Carey Horncole
|
0-0: Sac Bunt to 15S - play at first, batter OUT! 1-4 Laroya Foronda to second
|
Batting: RHB Nate Hodson
|
0-0: Called Strike 0-1: Ball 1-1: Foul Ball, location: 2F 1-2: Foul Ball, location: 2F 1-2: Ball 2-2: Ground out 6-3 (Groundball, 6S, EV 67.5 MPH) Laroya Foronda to third
|
Pitching: RHP Jake Milligan
|
|
Batting: LHB Willie Ceniceros
|
0-0: Called Strike 0-1: SINGLE (Groundball, 6MD, EV 95.6 MPH) Laroya Foronda scores
|
Batting: LHB David Ramirez
|
0-0: Ground out 4-3 (Groundball, 4, EV 89.4 MPH)
|
Bottom of the 9th over - 1 run, 1 hit, 0 errors, 1 left on base; Oklahoma City 7 - Sacramento 7 |
TOP OF THE 10TH |
Oklahoma City Dodgers batting - Pitching for Sacramento River Cats : RHP Herman Ruiz
|
Now at 3B: Carey Horncole
|
|
Batting: LHB Alberto Chavez
|
0-0: Foul Ball, location: 2F 0-1: Ball 1-1: SINGLE (Groundball, 25, EV 69.4 MPH) (infield hit)
|
Batting: RHB Steve Perez
|
0-0: Called Strike 0-1: Foul Ball, location: 2F 0-2: Ball 1-2: Grounds into double play, 6-4-3 (Groundball, 6, EV 103.1 MPH)
|
Batting: LHB Jim Chalk
|
0-0: Ball 1-0: Ball 2-0: Called Strike 2-1: Fly out, F7 (Flyball, 7D, EV 104.4 MPH)
|
Top of the 10th over - 0 runs, 1 hit, 0 errors, 0 left on base; Oklahoma City 7 - Sacramento 7 |
|
Game Over ... Sacramento defeats Oklahoma City, 8 to 7
|
|
|